 Dungeon Crawl Stone Soup version 0.26-a0-651-gb41185065b (webtiles) character file.

Game seed: 2603214521709168905

89 vurker the Sneak (level 4, -3/32 HPs)
             Began as a Gnoll Enchanter on Oct 15, 2020.
             Killed by divine providence
             ... invoked by an orc priest
              (10 damage)
             ... on level 2 of the Dungeon.
             The game lasted 00:04:03 (3890 turns).

vurker the Sneak (Gnoll Enchanter)                  Turns: 3890, Time: 00:04:03

Health: -3/32      AC: 11    Str: 10    XL:     4   Next: 55%
Magic:  11/11      EV:  2    Int: 19    God:
Gold:   120        SH:  0    Dex: 15    Spells: 12/13 levels left

rFire    . . .     SeeInvis .   a - +1 dagger
rCold    . . .     Faith    .   (no shield)
rNeg     . . .     Spirit   .   i - +0 plate armour
rPois    .         Reflect  .   (no helmet)
rElec    .         Harm     .   (no cloak)
rCorr    .         Rampage  .   (no gloves)
MR       .....                  p - +0 pair of boots
Stlth    ..........             (no amulet)
HPRegen  0.10/turn              (no ring)
MPRegen  0.12/turn              (no ring)

@: no status effects
A: distributed training, fangs 1, strong nose
a: no special abilities


You were on level 2 of the Dungeon.
You visited 1 branch of the dungeon, and saw 3 of its levels.

You collected 120 gold pieces.

Inventory:

Hand Weapons
 a - a +1 dagger (weapon)
Armour
 i - a +0 plate armour (worn)
   (You found it on level 1 of the Dungeon)
 p - a +0 pair of boots (worn)
   (You found it on level 2 of the Dungeon)
Jewellery
 l - an uncursed ring of fire
   (You found it on level 2 of the Dungeon)
Scrolls
 b - 2 scrolls of magic mapping {unknown}
 c - a scroll of amnesia {unknown}
 d - 2 scrolls of identify {unknown}
 e - 3 scrolls of remove curse {unknown}
 m - a scroll of teleportation {unknown}
Potions
 f - 4 potions of curing {unknown}
 g - 3 potions of degeneration {unknown}
 h - a potion of mutation {unknown}
 j - 2 potions of cancellation {unknown}
 k - a potion of haste {unknown}
 n - a potion of stabbing {unknown}
 o - a potion of lignification {unknown}


   Skills:
 + Level 1.2 Fighting
 + Level 2.8 Short Blades
 + Level 1.2 Long Blades
 + Level 1.2 Axes
 + Level 1.2 Maces & Flails
 + Level 1.2 Polearms
 + Level 1.2 Staves
 + Level 1.2 Slings
 + Level 1.2 Bows
 + Level 1.2 Crossbows
 + Level 1.2 Throwing
 + Level 1.2 Armour
 + Level 4.6 Dodging
 + Level 6.0 Stealth
 + Level 1.2 Shields
 + Level 1.2 Unarmed Combat
 + Level 5.1 Spellcasting
 + Level 1.0 Conjurations
 + Level 5.5 Hexes
 + Level 1.0 Summonings
 + Level 1.0 Necromancy
 + Level 1.0 Translocations
 + Level 1.0 Transmutations
 + Level 1.0 Fire Magic
 + Level 1.0 Ice Magic
 + Level 1.0 Air Magic
 + Level 1.0 Earth Magic
 + Level 1.0 Poison Magic
 + Level 1.3 Invocations
 + Level 1.2 Evocations


You had 12 spell levels left.
You knew the following spells:

 Your Spells              Type           Power        Failure   Level
a - Corona                Hex            ####...      100%        1

Your spell library contained the following spells:

 Spells                   Type           Power        Failure   Level
 Ensorcelled Hibernation  Hex/Ice        ###...       100%        2
 Confusing Touch          Hex            ####....     100%        3
 Dazzling Flash           Conj/Hex       ###...       100%        3
 Tukima's Dance           Hex            ####....     100%        3


Dungeon Overview and Level Annotations

Branches:
Dungeon (3/15)

Altars:
Fedhas


Innate Abilities, Weirdness & Mutations

Your experience applies equally to all skills.
You have very sharp teeth.
Your uncanny sense of smell can sniff out nearby items.


Message History

You bite the orc priest.
The orc priest hits you but does no damage.
You hit the orc priest but do no damage.
Your bite misses the orc priest.
The orc priest mumbles some strange prayers to Beogh against you.
You barely resist. You closely miss the orc priest.
The orc priest looks encouraged for a moment.
You hit the orc priest.
The orc priest hits you but does no damage.
You barely miss the orc priest.
You bite the orc priest, but do no damage.
You hit the orc priest but do no damage.
The orc priest hits you with a +0 hand axe.
* * * LOW HITPOINT WARNING * * *
You hit the orc priest but do no damage.
The orc priest hits you but does no damage.
You hit the orc priest.
The orc priest casts a cantrip, but nothing happens.
You hit the orc priest but do no damage.
The orc priest hits you with a +0 hand axe.
* * * LOW HITPOINT WARNING * * *
Your plate armour prevents you from hitting the orc priest.
You hit the orc priest but do no damage.
You bite the orc priest, but do no damage.
The orc priest hits you but does no damage.
Your plate armour prevents you from hitting the orc priest.
The orc priest invokes the aid of Beogh against you.
You barely resist.
Your plate armour prevents you from hitting the orc priest.
The orc priest hits you with a +0 hand axe.
* * * LOW HITPOINT WARNING * * *
Your plate armour prevents you from hitting the orc priest.
You hit the orc priest.
The orc priest hits you with a +0 hand axe.
* * * LOW HITPOINT WARNING * * *
Okay, then.
You hit the orc priest but do no damage.
The orc priest hits you but does no damage.
You hit the orc priest but do no damage.
The orc priest hits you but does no damage.
You hit the orc priest but do no damage.
You bite the orc priest, but do no damage.
The orc priest completely misses you.
You hit the orc priest but do no damage.
You hit the orc priest.
You bite the orc priest, but do no damage.
The orc priest calls down the wrath of Beogh upon you.
Beogh smites you!
You die...

### #......)..# ..# #.........#
### #.# #.........# #.. #.#
#.........### #.# #.#
########...........#####.# #.#
#................#........ #.#
#......#.........#######.# #.#
#.####.#.........# #.# ..# ##.##
#.#)@o......# #.# ###
#...###.######.#### #.. #
#....##.# #.# ### # #....##.# #.#
# # ##.#.##.# ##'## # # #......#
##...## # # ###.#### ##.....##
#### # ##.######.......## ##.##
#########......#.........####...#


You could see an orc priest.

Vanquished Creatures
  3 adders
  An ooze (D:2)
  A worm (D:2)
  3 leopard geckos
  An orc (D:2)
  A giant cockroach (D:1)
  9 goblins
  8 hobgoblins
  5 jackals
  3 quokkas (D:2)
  A ball python (D:3)
  3 bats (D:2)
  3 frilled lizards
  3 kobolds
  2 rats (D:2)
47 creatures vanquished.

Notes
Turn   | Place    | Note
-------+----------+-------------------------------------------
     0 | D:1      | vurker the Gnoll Enchanter began the quest for the Orb.
     0 | D:1      | Reached XP level 1. HP: 13/13 MP: 6/6
   375 | D:1      | Reached XP level 2. HP: 19/19 MP: 7/7
  1380 | D:2      | Reached XP level 3. HP: 25/25 MP: 9/9
  1402 | D:2      | Reached skill level 5 in Spellcasting
  1827 | D:2      | Found a blossoming altar of Fedhas.
  2035 | D:2      | Reached skill level 6 in Stealth
  2069 | D:2      | Reached skill level 1 in Invocations
  2287 | D:2      | Reached skill level 1 in Fighting
  2287 | D:2      | Reached skill level 1 in Long Blades
  2287 | D:2      | Reached skill level 1 in Axes
  2287 | D:2      | Reached skill level 1 in Maces & Flails
  2287 | D:2      | Reached skill level 1 in Polearms
  2287 | D:2      | Reached skill level 1 in Staves
  2287 | D:2      | Reached skill level 1 in Slings
  2287 | D:2      | Reached skill level 1 in Bows
  2287 | D:2      | Reached skill level 1 in Crossbows
  2287 | D:2      | Reached skill level 1 in Throwing
  2287 | D:2      | Reached skill level 1 in Armour
  2287 | D:2      | Reached skill level 1 in Shields
  2287 | D:2      | Reached skill level 1 in Unarmed Combat
  2287 | D:2      | Reached skill level 1 in Evocations
  2622 | D:2      | Reached XP level 4. HP: 24/32 MP: 11/11
  3830 | D:2      | Reached skill level 1 in Conjurations
  3830 | D:2      | Reached skill level 1 in Summonings
  3830 | D:2      | Reached skill level 1 in Necromancy
  3830 | D:2      | Reached skill level 1 in Translocations
  3830 | D:2      | Reached skill level 1 in Transmutations
  3830 | D:2      | Reached skill level 1 in Fire Magic
  3830 | D:2      | Reached skill level 1 in Ice Magic
  3830 | D:2      | Reached skill level 1 in Air Magic
  3830 | D:2      | Reached skill level 1 in Earth Magic
  3830 | D:2      | Reached skill level 1 in Poison Magic
  3890 | D:2      | Killed from afar by an orc priest

Illustrated notes

Levels and vault maps discovered:
D:1:      lightli_arrival_statue_moat, layout_basic
D:2:      layout_loops_corners, fedhas_altar_fruit_tree
D:3:      layout_basic, overflow_temple_1_default

Skill      XL: |  1  2  3  4 |
---------------+-------------+-----
Spellcasting   | 5 |  5.1
Stealth        | 6 |  6.0
Invocations    | 1 |  1.3
Fighting       | 1 |  1.2
Long Blades    | 1 |  1.2
Axes           | 1 |  1.2
Maces & Flails | 1 |  1.2
Polearms       | 1 |  1.2
Staves         | 1 |  1.2
Slings         | 1 |  1.2
Bows           | 1 |  1.2
Crossbows      | 1 |  1.2
Throwing       | 1 |  1.2
Armour         | 1 |  1.2
Shields        | 1 |  1.2
Unarmed Combat | 1 |  1.2
Evocations     | 1 |  1.2
Conjurations   | 1 |  1.0
Summonings     | 1 |  1.0
Necromancy     | 1 |  1.0
Translocations | 1 |  1.0
Transmutations | 1 |  1.0
Fire Magic     | 1 |  1.0
Ice Magic      | 1 |  1.0
Air Magic      | 1 |  1.0
Earth Magic    | 1 |  1.0
Poison Magic   | 1 |  1.0
Short Blades   | |  2.8
Dodging        | |  4.6
Hexes          | |  5.5

Action                   |  1- 3 |  4- 6 || total
-------------------------+-------+-------++-------
Melee: Dagger            |   173 |   120 ||   293
       Bite              |    16 |    18 ||    34
       Punch             |     1 |       ||     1
 Stab: Sleeping          |     3 |       ||     3
Armor: Robe              |     2 |       ||     2
       Plate armour      |   115 |    85 ||   200
Dodge: Dodged            |    26 |     8 ||    34

Table legend: (Time is in decaauts)
 A = Elapsed time spent in this place.
 B = Non-inter-level travel time spent in this place.
 C = Inter-level travel time spent in this place.
 D = Time resting spent in this place.
 E = Time spent auto-exploring this place.
 F = Levels seen in this place.
 G = Mean time per level.
                   A        B        C        D        E       F      G
               +--------+--------+--------+--------+--------+-----+--------+
         Total |   3852 |   3793 |     59 |     79 |   3091 |   3 | 1284.0 |
       Dungeon |   3852 |   3793 |     59 |     79 |   3091 |   3 | 1284.0 |
               +--------+--------+--------+--------+--------+-----+--------+

Top non-repeatable levels by time:
     D:2: 2517 daAuts
     D:1: 1239 daAuts
     D:3: 95 daAuts
